 Dungeon Crawl Stone Soup version bcrawl-1.17.3 (webtiles) character file.

Game seed: 12104509840238631525

107 Chiseanne the Poker (level 4, 0/35 HPs)
             Began as a Mummy Archaeologist on Oct 25, 2019.
             Killed by divine providence
             ... invoked by an orc priest
              (10 damage)
             ... on level 3 of the Dungeon.
             The game lasted 00:02:50 (1996 turns).

Chiseanne the Poker (Mummy Archaeologist)           Turns: 1996, Time: 00:02:50

Health: 0/35       AC:  9    Str: 14    XL:     4   Next: 57%
Magic:  4/4        EV:  9    Int: 14    God:
Gold:   240        SH:  0    Dex: 10    Spells: 3/3 levels left

rFire    x . .     SeeInvis .   b - +0 mace
rCold    + . .     Gourm    .   (no shield)
rNeg     + + +     Faith    .   k - +0 scale mail
rPois    ∞         Spirit   .   c - +1 hat
rElec    .         Reflect  .   (no cloak)
rCorr    .         Harm     .   (no gloves)
MR       .....     Clarity  +   d - +1 pair of boots
Stlth    +.........             (no amulet)
HPRegen  0.11/turn              (no ring)
MPRegen  0.09/turn              (no ring)

@: studying Polearms
A: no food or potions, fire vulnerability, clarity, cold resistance 1, negative
energy resistance 3, torment resistance, unbreathing
a: no special abilities


You were on level 3 of the Dungeon.
You were not hungry.

You visited 1 branch of the dungeon, and saw 3 of its levels.

You collected 240 gold pieces.

Inventory:

Hand Weapons
 b - a +0 mace (weapon)
 g - a +0 blowgun
Missiles
 a - 25 poisoned needles
 j - 553 stones (quivered)
 l - 247 bolts
 p - 118 sling bullets
 r - 184 arrows
Armour
 c - a +1 hat (worn)
 d - a +1 pair of boots (worn)
 k - a +0 scale mail (worn)
Scrolls
 i - a scroll of remove curse {unknown}
 m - a scroll of enchant weapon {unknown}
 n - a scroll of blinking {unknown}
 o - a scroll of enchant armour {unknown}
 q - a scroll of magic mapping
Books
 e - a manual of Polearms
Miscellaneous
 f - an ancient crate


   Skills:
 - Level 3.0 Fighting
 - Level 0.7 Maces & Flails
 + Level 3.7 Polearms
 - Level 2.4 Dodging
 - Level 2.6 Stealth


You had 3 spell levels left.
You didn't know any spells.
Your spell library was empty.

Dungeon Overview and Level Annotations

Branches:
Dungeon (3/12)

Altars:
Ru

Annotations:
D:3 Natasha


Innate Abilities, Weirdness & Mutations

You do not eat or drink.
Your flesh is vulnerable to fire.
You are immune to poison.
You possess an exceptional clarity of mind.
Your flesh is cold resistant. (rC+)
You are immune to negative energy. (rN+++)
You are immune to unholy pain and torment.
You can survive without breathing.


Message History

You are too injured to fight recklessly!
You are too injured to fight recklessly!
You are too injured to fight recklessly!
You are too injured to fight recklessly!
You are too injured to fight recklessly!
You are too injured to fight recklessly!
You are too injured to fight recklessly!
As you read the scroll labeled BIYWUW FATHREM, it crumbles to dust.
It is a scroll of amnesia.
You feel forgetful for a moment.
The hobgoblin hits you but does no damage.
The orc priest hits you but does no damage.
The orc misses you.
The orc priest calls down the wrath of Beogh upon you.
Beogh smites you!
* * * LOW HITPOINT WARNING * * *
You hear a shout!
The orc priest invokes the aid of Beogh against you.
Beogh smites you!
You die...

.. ..#.. # #.###
#.#.# # #.#..
#.#.##### # #...#
##.......# # #..#
#....###†# #
###..####..#.###.# ..
#.......#........##..
#.......#....######..
#.oo@...'..#.# #..
######..g....##.#.#
#..
.....oo......##.#.#
.............##.#.#
.............##.#.#
.......###....#.#.#
....... #....#.#
.#####. #....# #.
#....#


You could see an orc priest, 3 orcs and a hobgoblin.

Vanquished Creatures
  Natasha (D:3)
  2 adders (D:3)
  An ooze (D:3)
  2 worms (D:2)
  2 dart slugs
  3 leopard geckos
  2 giant cockroaches (D:1)
  5 goblins
  7 hobgoblins
  4 jackals (D:2)
  4 kobolds
  3 ball pythons
  5 bats
  4 frilled lizards
  2 rats
47 creatures vanquished.

Notes
Turn   | Place    | Note
-------+----------+-------------------------------------------
     0 | D:1      | Chiseanne the Mummy Archaeologist began the quest for the
                  | Orb.
     0 | D:1      | Reached XP level 1. HP: 15/15 MP: 1/1
   258 | D:1      | Reached XP level 2. HP: 19/22 MP: 2/2
   793 | D:2      | Reached XP level 3. HP: 21/29 MP: 3/3
   921 | D:2      | Reached skill level 1 in Polearms
  1467 | D:2      | Found a sacrificial altar of Ru.
  1687 | D:3      | Noticed Natasha
  1691 | D:3      | Reached XP level 4. HP: 35/35 MP: 4/4
  1701 | D:3      | Killed Natasha
  1741 | D:3      | Noticed Natasha
  1996 | D:3      | Killed from afar by an orc priest

Skill      XL: |  1  2  3  4 |
---------------+-------------+-----
Fighting       | 2 3 |  3.0
Polearms       | 2 3 |  3.7
Maces & Flails | |  0.7
Dodging        | |  2.4
Stealth        | |  2.6

Action                   |  1- 3 |  4- 6 || total
-------------------------+-------+-------++-------
Melee: Whip              |    18 |       ||    18
       Mace              |   141 |    32 ||   173
  Use: Scroll            |     3 |     2 ||     5
Armor: Scale mail        |   132 |    23 ||   155
       Robe              |     3 |       ||     3
Dodge: Dodged            |   131 |    16 ||   147
